 Dungeon Crawl Stone Soup version 0.24-a0-115-gd155597 (console) character file.

Game seed: 16897677682147955172

56 Duffy the Chopper (level 3, -11/32 HPs)
             Began as a Naga Gladiator on Feb 16, 2019.
             Mangled by a gnoll
             ... wielding a +0 flail
              (12 damage)
             ... on level 3 of the Dungeon.
             The game lasted 00:01:01 (1134 turns).

Duffy the Chopper (Naga Gladiator)                  Turns: 1134, Time: 00:01:02

Health: -11/32     AC:  3    Str: 16    XL:     3   Next: 95%
Magic:  3/3        EV: 10    Int:  9    God:
Gold:   18         SH:  0    Dex: 12    Spells: 2/2 levels left

rFire    . . .     SeeInvis +   a - +0 war axe
rCold    . . .     Gourm    .   (no shield)
rNeg     . . .     Faith    .   b - +0 leather armour
rPois    +         Spirit   .   c - +0 helmet
rElec    .         Reflect  .   (no cloak)
rCorr    .         Harm     .   (no gloves)
MR       .....                  (no barding)
Stlth    +.........             (no amulet)
HPRegen  0.10/turn              (no ring)
MPRegen  0.08/turn              (no ring)

@: short of breath, very slow
A: large, see invisible, deformed body, poison resistance, slowness 2, slow
metabolism 1, spit poison 1, AC +1
a: Spit Poison


You were on level 3 of the Dungeon.
You were hungry.

You visited 1 branch of the dungeon, and saw 3 of its levels.

You collected 18 gold pieces.

Inventory:

Hand Weapons
 a - a +0 war axe (weapon)
Missiles
 d - 3 throwing nets (quivered)
Armour
 b - a +0 leather armour (worn)
 c - a +0 helmet (worn)
Potions
 e - a potion of cancellation {unknown}
Comestibles
 f - a ration


   Skills:
 - Level 2.0 Fighting
 + Level 4.7 Axes
 - Level 1.7 Throwing
 - Level 2.4 Dodging


You had 2 spell levels left.
You didn't know any spells.
Your spell library was empty.

Dungeon Overview and Level Annotations

Branches:
Dungeon (3/15)

Altars:
Qazlal


Innate Abilities, Weirdness & Mutations

You cannot wear boots.
Your serpentine skin is tough. (AC +1)
You have supernaturally acute eyesight. (SInv)
Armour fits poorly on your strangely shaped body.
Your system is resistant to poisons. (rPois)
You cover ground very slowly.
You have a slow metabolism.
You can spit poison.


Message History

The splash of poison hits the gnoll.
The gnoll is heavily wounded.
You are feeling hungry.
You can't do that yet.
You can't do that yet.
You can't do that yet.
You have got your breath back.
You barely miss the gnoll. The gnoll closely misses you.
The gnoll hits you with a +0 flail. The gnoll hits you with a +0 spear.
The gnoll hits you with a +0 flail!
You closely miss the gnoll.
The gnoll is heavily wounded.
You hit the gnoll. The gnoll hits you with a +0 spear.
The gnoll hits you but does no damage. The gnoll hits you with a +0 spear!
Press: ? - help, Shift-Dir - straight line, f/p - gnoll
Aim: a gnoll, wielding a +0 spear (heavily wounded)
The splash of poison hits the gnoll.
The gnoll is severely wounded.
You feel slightly more hungry. The gnoll hits you with a +0 flail!
You die...

~~..~~~(.#)~~~0}>~~... .g
~~~~#~~......~~_.00...##g
~~~~~~#.#....~~~0~0...##.
~~~#~.#.#....0~0~0~~...#.####
~~~~~#..##....00~~~.........#
~~#w##..##....0~00....#####.#
~~.####.##[...000..... #.#
~## #.###.##.#g##########.#
..# #......@gg........#
###################


You could see 3 gnolls.

Vanquished Creatures
  A gnoll (D:3)
  An adder (D:2)
  10 dart slugs
  A hobgoblin (D:1)
  2 jackals (D:1)
  A kobold (D:3)
  2 bats
  A frilled lizard (D:1)
  A rat (D:3)
20 creatures vanquished.

Notes
Turn   | Place    | Note
-------+----------+-------------------------------------------
     0 | D:1      | Duffy the Naga Gladiator began the quest for the Orb.
     0 | D:1      | Reached XP level 1. HP: 19/19 MP: 1/1
   291 | D:1      | Reached XP level 2. HP: 26/26 MP: 2/2
   551 | D:2      | Reached skill level 4 in Axes
   674 | D:2      | Reached XP level 3. HP: 15/32 MP: 3/3
   865 | D:3      | Found a stormy altar of Qazlal.
  1133 | D:3      | HP: 1/32 [gnoll/+0 spear (7)]
  1134 | D:3      | Mangled by a gnoll

Levels and vault maps discovered:
D:1:      wander_arrival_abandoned_jail, layout_basic
D:2:      layout_loops_corners, nicolae_overflow_crystal_walls
D:3:      kennysheep_slugbush, layout_basic, lemuel_round_altar, first_ration,
          nicolae_qazlal_general_emergency

Skill      XL: |  1  2 |
---------------+-------+-----
Axes           | 4 |  4.7
Fighting       | |  2.0
Throwing       | |  1.7
Dodging        | |  2.4

Action                   || total
-------------------------++-------
Melee: War axe           ||    37
 Abil: Spit Poison       ||    16
Armor: Leather armour    ||    14
Dodge: Dodged            ||    38

Table legend:
 A = Non-vault XP
 B = Vault XP
 C = Vault XP percentage of total XP
 D = Non-vault monster count
 E = Vault monster count
 F = Vault count percentage of total count
                 A         B        C        D         E       F
            +---------+---------+-------+---------+---------+-------
      Total |      44 |      36 |  45.0 |      11 |       9 |  45.0
            +---------+---------+-------+---------+---------+-------
        D:1 |      12 |       0 |   0.0 |       6 |       0 |   0.0
        D:2 |      13 |       8 |  38.1 |       1 |       2 |  66.7
        D:3 |      19 |      28 |  59.6 |       4 |       7 |  63.6
            +---------+---------+-------+---------+---------+-------
